 Dungeon Crawl Stone Soup version 0.14-a0-445-g388476e (webtiles) character file.

95 PolkaDot the Vexing (level 3, -3/24 HPs)
             Began as a Vampire Enchanter on Oct 30, 2013.
             Was an Initiate of Ashenzari.
             Killed from afar by an orc wizard (10 damage)
             ... with a magic dart
             ... on Level 3 of the Dungeon.
             The game lasted 00:04:53 (1789 turns).

PolkaDot the Vexing (Vampire Enchanter)             Turns: 1789, Time: 00:04:53

HP  -3/24        AC  5     Str  7      XL: 3   Next: 35%
MP   2/6         EV 12     Int 17      God: Ashenzari [......]
Gold 53          SH  0     Dex 15      Spells:  2 memorised,  0 levels left

Res.Fire  : . . .   See Invis. : +   n - +2,+0 elf sabre
Res.Cold  : + + .   Warding    : .   b - +1 robe (curse)
Life Prot.: + + +   Conserve   : .   (no shield)
Res.Poison: +       Res.Corr.  : .   (no helmet)
Res.Elec. : .       Clarity    : .   i - +1 cloak
Sust.Abil.: . .     Spirit.Shd : .   (no gloves)
Res.Mut.  : .       Stasis     : .   (no boots)
Res.Rott. : +       Flight     : .   (no amulet)
Saprovore : . . .                    (no ring)
                                     (no ring)

@: regenerating slowly, slightly resistant to hostile enchantments, quite
stealthy
A: fangs 3, see invisible, unbreathing
a: Bat Form, Renounce Religion


You were on level 3 of the Dungeon.
You worshipped Ashenzari.
Ashenzari was noncommittal.
You were near bloodless.

You visited 1 branch of the dungeon, and saw 3 of its levels.

You collected 33 gold pieces.

Inventory:

Hand weapons
 a - a +1,+1 dagger
 n - a +2,+0 elven sabre (weapon)
Missiles
 d - 12 darts (quivered)
Armour
 b - a cursed +1 robe (worn)
 i - a +1 cloak (worn)
Scrolls
 f - 2 scrolls of identify
 g - 3 scrolls of remove curse
 m - 2 scrolls of teleportation
Potions
 e - a potion of blood
 k - a potion of magic
 l - 3 potions of curing
Books
 c - a book of Maledictions

   Spells                             Type                      Level
   *Corona                            Hexes                        1
   Sure Blade                         Hexes/Charms                 2
   Ensorcelled Hibernation            Hexes/Ice                    2
   *Confuse                           Hexes                        3
   Enslavement                        Hexes                        4
   Invisibility                       Hexes                        6


   Skills:
 * Level 2.5 Short Blades
 - Level 0.7 Throwing
 - Level 2.1 Dodging
 + Level 3.9 Stealth
 - Level 1.0 Spellcasting
 + Level 5.1 Hexes


You couldn't memorise any spells.
You knew the following spells:

 Your Spells              Type           Power        Failure   Level  Hunger
A - Corona                Hex            ###....      2%          1    ##.....
C - Confuse               Hex            ###.....     10%         3    ####...


Dungeon Overview and Level Annotations

Branches:
Dungeon (3/27)

Altars:
Ashenzari


Innate Abilities, Weirdness & Mutations

You heal slowly.
You have razor-sharp teeth.*
You have supernaturally acute eyesight.
You can survive without breathing.*


Message History

Confirm with . or Enter, or press ? or * to list all spells.
Aiming: Confuse
Press: ? - help, Shift-Dir - straight line, f - orc
Aim: an orc, wielding an orcish hand axe (severely wounded)
The orc appears confused.
You feel almost devoid of blood!
Drink which item? (? for menu, Esc to quit)
You feel better.
You hit the orc.
You kill the orc!
You start resting.
Casting: Confuse
Confirm with . or Enter, or press ? or * to list all spells.
Aiming: Confuse
Press: ? - help, Shift-Dir - straight line, f - orc wizard
Aim: an orc wizard, wielding an orcish mace of holy wrath and wearing an orcish robe The orc wizard resists with some effort.
The orc wizard gestures at you while chanting.
The magic dart hits you!
You die...

#'## #..# ##.#
###'#####
####o.)....#
####..'.......#
#.o.o##.......#
#)#####.......#
#@# #......!#
.........#
#.[.....#
.....####
##+###### #.##


You could see an orc wizard.

Vanquished Creatures
  2 giant geckos (D:1)
  4 orcs (D:3)
  A ball python (D:2)
  3 bats
  3 giant cockroaches (D:1)
  4 hobgoblins
  A quokka (D:2)
  A giant newt (D:1)
  8 goblins
  5 kobolds
  5 rats
37 creatures vanquished.

Notes
Turn   | Place    | Note
--------------------------------------------------------------
     0 | D:1      | PolkaDot, the Vampire Enchanter, began the quest for the Orb.
     0 | D:1      | Reached XP level 1. HP: 13/13 MP: 4/4
   189 | D:1      | Reached XP level 2. HP: 10/19 MP: 5/5
  1476 | D:2      | Found a shattered altar of Ashenzari.
  1481 | D:2      | Became a worshipper of Ashenzari the Shackled
  1520 | D:2      | Reached XP level 3. HP: 24/24 MP: 6/6
  1712 | D:3      | Learned a level 3 spell: Confuse
  1739 | D:3      | HP: 1/24 [orc/orcish falchion (3)]
  1747 | D:3      | Reached skill level 5 in Hexes
  1789 | D:3      | Killed from afar by an orc wizard

Action                   || total
-------------------------++-------
Melee: Dagger            ||    89
       Sabre             ||    55
 Cast: Confuse           ||     3
  Use: Scroll            ||     8
       Potion            ||     2
 Stab: Sleeping          ||     5
